 Dungeon Crawl Stone Soup version 0.26-a0-651-gb41185065b (webtiles) character file.

Game seed: 2778898296289022169

187 HoaS the Cudgeler (level 5, -3/49 HPs)
             Began as a Naga Fighter on Oct 2, 2020.
             Was a Follower of Cheibriados.
             Slain by a centaur (7 damage)
             ... on level 5 of the Dungeon.
             The game lasted 00:08:59 (2581 turns).

HoaS the Cudgeler (Naga Fighter)                    Turns: 2581, Time: 00:08:59

Health: -3/49      AC:  8    Str: 23    XL:     5   Next: 66%
Magic:  5/5        EV:  4    Int: 11    God:    Cheibriados [*.....]
Gold:   93         SH:  9    Dex: 13    Spells: 4/4 levels left

rFire    . . .     SeeInvis +   a - +0 flail
rCold    . . .     Faith    .   c - +0 kite shield
rNeg     . . .     Spirit   .   o - +0 chain mail
rPois    +         Reflect  .   (no helmet)
rElec    .         Harm     .   l - +0 cloak
rCorr    .         Rampage  .   i - +0 pair of gloves
MR       .....                  (no barding)
Stlth    ..........             (no amulet)
HPRegen  0.16/turn              (no ring)
MPRegen  0.09/turn              (no ring)

@: very slow
A: large, see invisible, deformed body, poison resistance, slowness 2, spit
poison 1, AC +1
a: Spit Poison, Bend Time, Renounce Religion


You were on level 5 of the Dungeon.
You worshipped Cheibriados.
Cheibriados was aware of your devotion.
You visited 1 branch of the dungeon, and saw 5 of its levels.

You collected 93 gold pieces.

Inventory:

Hand Weapons
 a - a +0 flail (weapon)
Armour
 c - a +0 kite shield (worn)
 i - a +0 pair of gloves (worn)
 l - a +0 cloak (worn)
 o - a +0 chain mail (worn)
Jewellery
 j - a cursed -4 ring of evasion {unknown}
Wands
 m - a wand of digging (8)
Scrolls
 n - a scroll of identify
Potions
 b - a potion of invisibility {unknown}
 d - 2 potions of might
 e - a potion of mutation {unknown}
 f - a potion of degeneration {unknown}
 g - a potion of stabbing {unknown}
 h - a potion of heal wounds {unknown}
 k - a potion of ambrosia {unknown}


   Skills:
 - Level 3.0 Fighting
 * Level 4.6 Maces & Flails
 - Level 2.4 Armour
 + Level 3.4 Shields
 + Level 1.2 Invocations


You had 4 spell levels left.
You didn't know any spells.
Your spell library was empty.

Dungeon Overview and Level Annotations

Branches:
Dungeon (6/15)
 Temple: D:4-7

Altars:
Cheibriados
Dithmenos


Innate Abilities, Weirdness & Mutations

You cannot wear boots.
Your serpentine skin is tough. (AC +1)
You have supernaturally acute eyesight. (SInv)
Armour fits poorly on your strangely shaped body.
Your system is resistant to poisons. (rPois)
You cover ground very slowly.
You can spit poison.


Message History

You block the centaur's attack.
Found a scroll of fear.
You closely miss the centaur.
The centaur is moderately wounded.
The centaur hits you.
* * * LOW HITPOINT WARNING * * *
You block the centaur's attack. The shadow imp gestures at you.
You struggle to resist.
The centaur hits you but does no damage.
You block the centaur's attack.
The shadow imp hits you but does no damage.
You thump the centaur!
The centaur is severely wounded.
You block the centaur's attack. The centaur hits you.
* * * LOW HITPOINT WARNING * * *
The centaur hits you.
* * * LOW HITPOINT WARNING * * *
You block the shadow imp's attack. The centaur hits you!
You die...

###### ####### #....#
......? #....# .......
##########....# .......
#.......##...(##.......
#.#...........(@c......
#...........c5.######
#.........(....#
#..............#
#####..........#
####.......# ###+#...#
#...#


You could see 2 centaurs and a shadow imp.

Vanquished Creatures
  Crazy Yiuf (D:2)
  Ijyb (D:3)
  6 adders (D:2)
  2 oozes
  2 worms
  4 dart slugs
  2 leopard geckos
  3 ball pythons
  A giant cockroach (D:3)
  12 goblins
  4 hobgoblins
  2 jackals (D:2)
  4 bats
  5 frilled lizards
  3 kobolds (D:1)
  8 rats
60 creatures vanquished.

Vanquished Creatures (others)
  A fungus (D:2)
1 creature vanquished.

Grand Total: 61 creatures vanquished

Notes
Turn   | Place    | Note
-------+----------+-------------------------------------------
     0 | D:1      | HoaS the Naga Fighter began the quest for the Orb.
     0 | D:1      | Reached XP level 1. HP: 21/21 MP: 1/1
   133 | D:1      | Reached XP level 2. HP: 27/28 MP: 2/2
   436 | D:1      | Reached skill level 3 in Maces & Flails
   437 | D:1      | Reached XP level 3. HP: 23/34 MP: 3/3
   992 | D:2      | Found a snail-covered altar of Cheibriados.
  1024 | D:2      | Became a worshipper of Cheibriados the Contemplative
  1257 | D:2      | Reached XP level 4. HP: 7/42 MP: 4/4
  1265 | D:2      | HP: 2/42 [adder (1)]
  1553 | D:2      | Found a shadowy altar of Dithmenos.
  1721 | D:2      | Reached skill level 4 in Maces & Flails
  1854 | D:2      | Reached * piety under Cheibriados
  2235 | D:2      | Found a runed translucent door.
  2236 | D:2      | Noticed Crazy Yiuf
  2252 | D:2      | Killed Crazy Yiuf
  2252 | D:2      | Reached XP level 5. HP: 49/49 MP: 5/5
  2472 | D:3      | Noticed Ijyb
  2487 | D:3      | Killed Ijyb
  2487 | D:3      | Reached skill level 1 in Invocations
  2550 | D:3      | You fall into a shaft and drop 3 floors!
  2560 | D:5      | Entered Level 5 of the Dungeon
  2574 | D:5      | Noticed a centaur
  2574 | D:5      | Noticed a centaur
  2581 | D:5      | Slain by a centaur

Illustrated notes

Levels and vault maps discovered:
D:1:      dpeg_arrival_long_road, layout_basic, minmay_tiny_reverse_x
D:2:      layout_basic, nicolae_dithmenos_shadow_blocks, lemuel_crystal_altar,
          uniq_crazy_yiuf_cottage
D:3:      layout_basic, serial_curves, eino_curves_01, eino_curves_02, uniq_ijyb
D:5:      layout_basic, ashenzari_altar_1, tgw_fedhas
D:6:      layout_loops_ring, grunt_temple_overflow_open,
          serial_co_window_serial, co_window_corner_a, co_window_corner_a,
          co_window_paths_a, co_window_corner_a, co_window_paths_b,
          co_window_corner_b, co_window_2corner, co_window_2corner,
          co_window_corner_cb, co_window_4corner_a, co_window_paths_d,
          glass_columns_b

Skill      XL: |  1  2  3  4  5 |
---------------+----------------+-----
Maces & Flails | 3 4 |  4.6
Shields        | 3 |  3.4
Invocations    | 1 |  1.2
Fighting       | |  3.0
Armour         | |  2.4

Action                   |  1- 3 |  4- 6 || total
-------------------------+-------+-------++-------
Melee: Flail             |   142 |   136 ||   278
  Use: Scroll            |       |     8 ||     8
Armor: Scale mail        |    69 |    23 ||    92
       Chain mail        |       |    66 ||    66
       Skin              |       |     4 ||     4
Dodge: Dodged            |    24 |    31 ||    55
Block: Kite shield       |    79 |    66 ||   145

Table legend: (Time is in decaauts)
 A = Elapsed time spent in this place.
 B = Non-inter-level travel time spent in this place.
 C = Inter-level travel time spent in this place.
 D = Time resting spent in this place.
 E = Time spent auto-exploring this place.
 F = Levels seen in this place.
 G = Mean time per level.
                   A        B        C        D        E       F      G
               +--------+--------+--------+--------+--------+-----+--------+
         Total |   3618 |   3366 |    252 |    648 |   1989 |   5 |  723.6 |
       Dungeon |   3618 |   3366 |    252 |    648 |   1989 |   5 |  723.6 |
               +--------+--------+--------+--------+--------+-----+--------+

Top non-repeatable levels by time:
     D:2: 2181 daAuts
     D:1: 1123 daAuts
     D:3: 262 daAuts
     D:5: 34 daAuts
     D:6: 16 daAuts
